 Dungeon Sprint DCSS version 0.31-a0-321-g19405a7a6a (webtiles) character file.

Game seed: 3805986644998519023

6354 dialectric the Ninja (level 10, -1/56 HPs)
             Began as a Spriggan Brigand on July 18, 2023.
             Was an Elder of Dithmenos.
             Succumbed to a hornet's poison
             ... in the Dungeon (Sprint I: "Red Sonja").
             The game lasted 00:03:10 (332 turns).

dialectric the Ninja (Spriggan Brigand)              Turns: 332, Time: 00:03:11

Health: -1/56      AC:  3    Str:  7    XL:     10   Next: 65%
Magic:  26/26      EV: 23    Int: 13    God:    Dithmenos [****..]
Gold:   784        SH:  0    Dex: 21    Spells: 31/31 levels left

rFire   . . .        a - +2 dagger
rCold   . . .        (no shield)
rNeg    . . .        b - +0 robe
rPois   .            (helmet restricted)
rElec   .            c - +0 cloak
rCorr   .            (gloves unavailable)
SInv    +            (boots unavailable)
Will    +....        (no amulet)
Stlth   ++++++++     (no ring)
HPRegen 0.29/turn    (no ring)
MPRegen 0.20/turn

%: no teleportation
@: lethally poisoned (-1 -> -8), slowed, wreathed by umbra, very slow
A: very small, no large weapons, unfitting armour, see invisible, speed 3
a: Renounce Religion, Shadow Step


You were in the Dungeon.
You worshipped Dithmenos.
Dithmenos was greatly pleased with you.
You visited 1 branch You collected 784 gold pieces.

Inventory:

Hand Weapons
 a - a +2 dagger (weapon)
 q - a +1 dagger of distortion
Missiles
 d - 9 poisoned darts
 e - 7 curare-tipped darts (quivered)
Armour
 b - a +0 robe (worn)
 c - a +0 cloak (worn)
Jewellery
 p - an amulet of magic regeneration
Wands
 l - a wand of light (2)
Scrolls
 m - a scroll of enchant armour {unknown}
 o - 2 scrolls of identify {unknown}
Potions
 f - a potion of curing
 h - 2 potions of haste
 i - 2 potions of magic
 j - a potion of berserk rage
 n - a potion of invisibility {unknown}
 r - a potion of ambrosia {unknown}


   Skills:
 + Level 8.2 Fighting
 + Level 11.6 Short Blades
 - Level 3.2 Throwing
 - Level 7.5 Dodging
 O Level 27 Stealth
 * Level 11.0 Spellcasting
 - Level 4.2 Evocations


You had 31 spell levels left.
You didn't know any spells.
Your spell library was empty.

Dungeon Overview and Level Annotations

Branches:
Dungeon (1/1)

Altars:
Cheibriados
Dithmenos
Elyvilon
Fedhas
Gozag
Hepliaklqana
Kikubaaqudgha
Makhleb
Nemelex Xobeh
Okawaru
Qazlal
Ru
Sif Muna
Trog
Uskayaw
Vehumet
Wu Jian
Xom
Yredelemnul
Zin
The Shining One
Jiyva
Lugonu

Shops:
D =[[


Innate Abilities, Weirdness & Mutations

You are very small and have problems with some larger weapons.
You are too small for most types of armour.
You have supernaturally acute eyesight. (SInv)
You cover ground extremely quickly. (Speed+++)


Message History

You catch the helpless centaur warrior completely off-guard!
You spit the centaur warrior like a pig!!!
You kill the centaur warrior!
Dithmenos accepts your kill.
Your Spellcasting skill increases to level 11!
Unknown command.
Things that are here:
a +0 orcbow; a centaur corpse
There is an open door, spattered with blood here.
You see here a +0 orcbow.
There is an open door here.
There is an open door, spattered with blood here.
You see here a +0 orcbow.
Things that are here:
a +0 orcbow; a centaur corpse
There is a broken door, spattered with blood here.
You enter the shallow water.
Moving in this stuff is going to be slow.
As you open the door, it creaks loudly!
A hornet comes into view.
You hear an angry buzzing noise.
Found 54 gold pieces.
Found 54 gold pieces.
The hornet stings you!
* * * LOW HITPOINT WARNING * * *
You suddenly lose the ability to move!
The hornet stings you!
* * * LOW HITPOINT WARNING * * *
You feel yourself slow down. The hornet stings you!
* * * LOW HITPOINT WARNING * * *
You are lethally poisoned!
You feel as though you will be slow longer.
You can move again.
There is an open door, spattered with blood here.
Blink to where?
Press: ? - help, Dir - move target Splash!
You fall into the shallow water.
Moving in this stuff is going to be slow.
As you read the scroll of blinking, it crumbles to dust.
You die...

#################################
.#.)'..#..'..#__#..'..)#..#§..hhh
.'.)#.)'..#..'..'..#...##'#h####h
.#####'#####'#__####)..+††#§# ##
.####..#...#.####§§#####..+§#
.#__####..##.#~§§§§#§§##+####
.#_____##'#_.+§§§§§§y.#
⌠#_.∩..†'..._#§~@§§#$$#
##_..__##_.#'##'#####+#
#_____###†#.#)).[###
##########.####)###.##
........'...'.....'.∩#
#++++####.†.########## ##.## #+#


There were no monsters in sight!

Vanquished Creatures
  2 centaur warriors (D)
  4 demonic crawlers (D)
  Sonja (D)
  A deep troll (D)
  A lindwurm (D)
  2 kobold demonologists (D)
  Sigmund (D)
  A slime creature (D)
  2 hogs (D)
  A yak (D)
  A floating eye (D)
  An ogre (D)
  A jelly (D)
  Ijyb (D)
20 creatures vanquished.

Notes
Turn   | Place    | Note
-------+----------+-------------------------------------------
     0 | D        | dialectric the Spriggan Brigand began the quest for the
                  | Orb.
     0 | D        | Reached XP level 1. HP: 10/10 MP: 2/2
     2 | D        | Noticed Ijyb
     4 | D        | Killed Ijyb
     5 | D        | Reached skill level 9 in Stealth
     5 | D        | Reached XP level 2. HP: 15/15 MP: 3/3
     7 | D        | Noticed an ogre
     9 | D        | Killed an ogre
    10 | D        | Reached skill level 13 in Stealth
    10 | D        | Reached XP level 3. HP: 19/19 MP: 4/4
    10 | D        | Reached XP level 4. HP: 23/23 MP: 5/5
    12 | D        | Noticed Sigmund
    34 | D        | Killed Sigmund
    35 | D        | Reached skill level 5 in Dodging
    35 | D        | Reached skill level 16 in Stealth
    35 | D        | Reached XP level 5. HP: 21/28 MP: 6/6
    59 | D        | Found a shimmering blue altar of Sif Muna.
    60 | D        | Found an ornate altar of the Wu Jian Council.
    61 | D        | Found a radiant altar of Vehumet.
    66 | D        | Reached skill level 17 in Stealth
    66 | D        | Reached XP level 6. HP: 30/32 MP: 7/7
    95 | D        | Found Geckoir's Armour Emporium.
    95 | D        | Found an ancient bone altar of Kikubaaqudgha.
    95 | D        | Found a hazy altar of Hepliaklqana.
    95 | D        | Found a hide-covered altar of Uskayaw.
    95 | D        | Found a basalt altar of Yredelemnul.
    95 | D        | Found an opulent altar of Gozag.
    95 | D        | Found a snail-covered altar of Cheibriados.
    95 | D        | Found a sacrificial altar of Ru.
    95 | D        | Found a shadowy altar of Dithmenos.
    95 | D        | Noticed a yak
    96 | D        | Found a stormy altar of Qazlal.
    96 | D        | Found a blossoming altar of Fedhas.
    96 | D        | Found a bloodstained altar of Trog.
    96 | D        | Found an iron altar of Okawaru.
    96 | D        | Found a glowing golden altar of the Shining One.
    96 | D        | Found a glowing silver altar of Zin.
    96 | D        | Found a white marble altar of Elyvilon.
    97 | D        | Killed a yak
    98 | D        | Reached skill level 18 in Stealth
    98 | D        | Reached skill level 1 in Evocations
    98 | D        | Found a sparkling altar of Nemelex Xobeh.
   104 | D        | Became a worshipper of Dithmenos the Shadowed
   119 | D        | Found a burning altar of Makhleb.
   119 | D        | Found a shimmering altar of Xom.
   119 | D        | Noticed a slime creature
   120 | D        | Found a viscous altar of Jiyva.
   120 | D        | Found a corrupted altar of Lugonu.
   122 | D        | Killed a slime creature
   123 | D        | Reached skill level 19 in Stealth
   123 | D        | Reached XP level 7. HP: 37/37 MP: 8/8
   135 | D        | Noticed a kobold demonologist
   136 | D        | Noticed a kobold demonologist
   139 | D        | Reached skill level 5 in Short Blades
   139 | D        | Reached skill level 20 in Stealth
   139 | D        | Killed a kobold demonologist
   139 | D        | Reached * piety under Dithmenos
   140 | D        | Reached skill level 22 in Stealth
   141 | D        | Killed a kobold demonologist
   142 | D        | Reached skill level 23 in Stealth
   142 | D        | Reached XP level 8. HP: 42/42 MP: 9/9
   143 | D        | Noticed a demonic crawler
   143 | D        | Noticed a demonic crawler
   143 | D        | Noticed a demonic crawler
   143 | D        | Noticed a demonic crawler
   145 | D        | Killed a demonic crawler
   146 | D        | Reached skill level 25 in Stealth
   146 | D        | Killed a demonic crawler
   146 | D        | Reached ** piety under Dithmenos
   147 | D        | Reached skill level 5 in Fighting
   147 | D        | Reached skill level 26 in Stealth
   147 | D        | Reached XP level 9. HP: 47/47 MP: 10/10
   148 | D        | Killed a demonic crawler
   149 | D        | Reached skill level 27 in Stealth
   149 | D        | Killed a demonic crawler
   164 | D        | Noticed a lindwurm
   168 | D        | Killed a lindwurm
   168 | D        | Reached *** piety under Dithmenos
   169 | D        | Reached XP level 10. HP: 55/55 MP: 10/17
   177 | D        | Reached skill level 5 in Spellcasting
   178 | D        | Reached skill level 10 in Short Blades
   208 | D        | Noticed Sonja
   212 | D        | Killed Sonja
   229 | D        | Found Gegaen's Jewellery Boutique.
   249 | D        | Noticed a deep troll
   263 | D        | Killed a deep troll
   263 | D        | Reached **** piety under Dithmenos
   280 | D        | Found Unnagu's Armour Emporium.
   300 | D        | Noticed a centaur warrior
   300 | D        | Noticed a centaur warrior
   311 | D        | Killed a centaur warrior
   312 | D        | Reached skill level 10 in Spellcasting
   313 | D        | Killed a centaur warrior
   330 | D        | Paralysed by a hornet for 1 turns
   331 | D        | HP: 1/56 [hornet (8)]
   332 | D        | Succumbed to a hornet's poison

Illustrated notes

Levels and vault maps discovered:
D:        dungeon_sprint_1 [red_sonja_temple_1, red_sonja_temple_small_1]

Skill      XL: |  1  2  3  4  5  6  7  8  9 10 |
---------------+-------------------------------+-----
Fighting       | 2 3 4 5 7 8 |  8.2
Stealth        | 9 13 16 17 19 23 26 27 | 27.0
Short Blades   | 3 4 5 6 9 11 | 11.6
Throwing       | 3 |  3.2
Dodging        | 5 7 |  7.5
Evocations     | 1 2 4 |  4.2
Spellcasting   | 4 11 | 11.0

Action                     |  1- 3 |  4- 6 |  7- 9 | 10-12 || total
---------------------------+-------+-------+-------+-------++-------
  Melee: Dagger            |     2 |     8 |     8 |    11 ||    29
         Punch             |       |       |       |     1 ||     1
  Evoke: Wand              |       |     1 |       |     6 ||     7
    Use: Scroll            |       |       |       |     1 ||     1
         Potion            |       |       |       |     1 ||     1
   Stab: Sleeping          |     2 |     3 |     8 |     3 ||    16
         Invisible         |       |     1 |       |     2 ||     3
 Armour: Robe              |       |       |       |     2 ||     2
  Dodge: Dodged            |       |     4 |       |    22 ||    26

Table legend: (Time is in decaauts)
 A = Elapsed time spent in this place.
 B = Non-inter-level travel time spent in this place.
 C = Inter-level travel time spent in this place.
 D = Time resting spent in this place.
 E = Time spent auto-exploring this place.
 F = Levels seen in this place.
 G = Mean time per level.
                   A        B        C        D        E       F      G
               +--------+--------+--------+--------+--------+-----+--------+
         Total |    234 |    234 |      0 |      0 |      0 |   1 |  234.0 |
       Dungeon |    234 |    234 |      0 |      0 |      0 |   1 |  234.0 |
               +--------+--------+--------+--------+--------+-----+--------+

Top non-repeatable levels by time:
       D: 234 daAuts
